[ AOE2 MATCH · #475786176 ]
1v1 RMInca vs Aztecs
Player's team · LOSS
Rival team · WIN
[ REPLAY ANALYSIS · EXTRACTED FROM THE RECORDED GAME ]
Feudal
9:16
Castle
24:00
Imperial
—
| APM avg | 39.0 |
| APM peak | 70 |
| eAPM avg | 18.3 |
| Villagers / military | 82 / 60 |
Focus
⚔️ 27.5% · 🌾 72.5%
Skirmisher ×45 · Monk ×7 · Petard ×7 · Unknown (2550) ×3 · Archer ×1
Feudal
9:30
Castle
34:06
Imperial
—
| APM avg | 36.5 |
| APM peak | 63 |
| eAPM avg | 17.9 |
| Villagers / military | 113 / 99 |
Focus
⚔️ 36.5% · 🌾 63.5%
Eagle Scout ×60 · Skirmisher ×31 · Militia ×5 · Battering Ram ×3
Match map
Initial resources + every placement click. Lines = walls · curves = elevation contours. ◆ gold · ⬟ stone · ● berries · ✦ relic · ◌ wall gap
Your base· Open — 6t gap
农民快跑's base· Open — unwalled flank
Smoothed initial terrain · ◌ = detected wall gap · hover for details
Inputs per minute
— Aegis266 - - 农民快跑
Build order — Aegis266
First 150 of 248 actions detected
| 0:01 | Create | Villager (Male) |
| 0:01 | Create | Villager (Male) |
| 0:02 | Build | House |
| 0:04 | Build | House |
| 0:18 | Create | Villager (Male) |
| 0:18 | Create | Villager (Male) |
| 1:22 | Create | Villager (Male) |
| 1:50 | Build | Settlement |
| 1:58 | Create | Villager (Male) |
| 1:59 | Create | Villager (Male) |
| 2:15 | Create | Villager (Male) |
| 2:45 | Create | Villager (Male) |
| 3:04 | Create | Villager (Male) |
| 3:44 | Create | Villager (Male) |
| 4:03 | Create | Villager (Male) |
| 4:04 | Create | Villager (Male) |
| 4:25 | Build | Settlement |
| 4:57 | Create | Villager (Male) |
| 4:57 | Create | Villager (Male) |
| 4:58 | Create | Villager (Male) |
| 5:37 | Create | Villager (Male) |
| 5:41 | Research | Loom |
| 6:54 | Research | Feudal Age |
| 7:42 | Build | Barracks |
| 8:01 | Build | House |
| 8:43 | Build | House |
| 8:48 | Build | Palisade Wall |
| 9:16 | Age | Feudal Age |
| 9:17 | Build | Archery Range |
| 9:22 | Build | House |
| 9:24 | Build | Palisade Wall |
| 9:31 | Create | Villager (Male) |
| 9:32 | Create | Villager (Male) |
| 9:35 | Research | Double-Bit Axe |
| 9:35 | Research | Horse Collar |
| 10:12 | Create | Villager (Male) |
| 10:17 | Build | Blacksmith |
| 10:20 | Build | Palisade Wall |
| 10:26 | Create | Archer |
| 10:33 | Build | House |
| 10:38 | Create | Villager (Male) |
| 10:39 | Create | Villager (Male) |
| 10:47 | Build | House |
| 10:51 | Create | Skirmisher |
| 11:14 | Create | Villager (Male) |
| 11:16 | Build | Settlement |
| 11:25 | Create | Skirmisher |
| 11:44 | Create | Skirmisher |
| 12:07 | Create | Villager (Male) |
| 12:08 | Build | Farm |
| 12:09 | Build | Farm |
| 12:11 | Build | Farm |
| 12:17 | Create | Skirmisher |
| 12:18 | Create | Villager (Male) |
| 12:25 | Build | Settlement |
| 12:32 | Build | Settlement |
| 12:37 | Create | Skirmisher |
| 12:42 | Create | Skirmisher |
| 12:57 | Create | Villager (Male) |
| 12:59 | Build | Farm |
| 13:01 | Build | Farm |
| 13:17 | Build | Palisade Wall |
| 13:20 | Create | Villager (Male) |
| 13:41 | Research | Fletching |
| 13:58 | Create | Villager (Male) |
| 14:07 | Build | House |
| 14:09 | Build | House |
| 14:15 | Create | Skirmisher |
| 14:30 | Create | Skirmisher |
| 14:34 | Create | Villager (Male) |
| 14:35 | Build | Farm |
| 14:38 | Build | Farm |
| 14:51 | Create | Villager (Male) |
| 15:01 | Create | Skirmisher |
| 15:22 | Build | House |
| 15:30 | Create | Villager (Male) |
| 15:37 | Build | Settlement |
| 15:47 | Create | Villager (Male) |
| 16:06 | Create | Skirmisher |
| 16:07 | Create | Villager (Male) |
| 16:22 | Research | Padded Archer Armor |
| 16:27 | Create | Skirmisher |
| 16:28 | Create | Villager (Male) |
| 16:31 | Create | Villager (Male) |
| 16:35 | Create | Skirmisher |
| 16:50 | Build | Archery Range |
| 16:57 | Create | Villager (Male) |
| 16:57 | Create | Skirmisher |
| 17:25 | Create | Skirmisher |
| 17:25 | Create | Skirmisher |
| 17:29 | Create | Villager (Male) |
| 17:47 | Create | Villager (Male) |
| 17:48 | Create | Skirmisher |
| 17:50 | Build | Farm |
| 17:59 | Create | Skirmisher |
| 18:08 | Create | Skirmisher |
| 18:09 | Build | Farm |
| 18:23 | Create | Skirmisher |
| 18:25 | Create | Villager (Male) |
| 18:32 | Build | Farm |
| 18:41 | Create | Villager (Male) |
| 19:02 | Create | Skirmisher |
| 19:02 | Create | Skirmisher |
| 19:03 | Create | Villager (Male) |
| 19:12 | Create | Villager (Male) |
| 19:23 | Create | Skirmisher |
| 19:23 | Create | Skirmisher |
| 19:24 | Create | Villager (Male) |
| 19:39 | Create | Skirmisher |
| 19:40 | Create | Skirmisher |
| 20:07 | Create | Villager (Male) |
| 20:08 | Build | House |
| 20:15 | Create | Skirmisher |
| 20:16 | Create | Skirmisher |
| 20:28 | Build | Market |
| 21:08 | Create | Skirmisher |
| 21:09 | Create | Skirmisher |
| 21:18 | Research | Castle Age |
| 21:28 | Create | Skirmisher |
| 21:28 | Create | Skirmisher |
| 21:45 | Create | Skirmisher |
| 21:45 | Create | Skirmisher |
| 21:52 | Build | Farm |
| 21:53 | Build | Farm |
| 21:55 | Build | Farm |
| 22:01 | Create | Skirmisher |
| 22:21 | Create | Skirmisher |
| 23:12 | Create | Skirmisher |
| 23:12 | Create | Skirmisher |
| 23:14 | Build | Archery Range |
| 23:25 | Create | Skirmisher |
| 23:25 | Create | Skirmisher |
| 23:27 | Create | Villager (Male) |
| 24:00 | Age | Castle Age |
| 24:03 | Research | Elite Skirmisher (upgrade) |
| 24:06 | Research | Bodkin Arrow |
| 24:28 | Create | Villager (Male) |
| 24:28 | Create | Villager (Male) |
| 24:47 | Create | Villager (Male) |
| 24:53 | Create | Skirmisher |
| 24:54 | Create | Skirmisher |
| 24:54 | Create | Skirmisher |
| 25:13 | Create | Skirmisher |
| 25:13 | Create | Skirmisher |
| 25:20 | Create | Villager (Male) |
| 25:37 | Build | Town Center |
| 25:41 | Create | Villager (Male) |
| 26:00 | Create | Skirmisher |
| 26:01 | Create | Villager (Male) |
| 26:19 | Build | Monastery |
Build order — 农民快跑
First 150 of 357 actions detected
| 0:02 | Build | House |
| 0:04 | Build | House |
| 0:09 | Create | Villager (Male) |
| 0:09 | Create | Villager (Male) |
| 0:09 | Create | Villager (Male) |
| 0:10 | Create | Villager (Male) |
| 1:18 | Create | Villager (Male) |
| 1:19 | Create | Villager (Male) |
| 2:11 | Create | Villager (Male) |
| 2:14 | Create | Villager (Male) |
| 2:14 | Create | Villager (Male) |
| 2:44 | Build | Lumber Camp |
| 2:56 | Create | Villager (Male) |
| 2:56 | Create | Villager (Male) |
| 3:16 | Create | Villager (Male) |
| 3:17 | Create | Villager (Male) |
| 3:40 | Create | Villager (Male) |
| 3:40 | Create | Villager (Male) |
| 4:01 | Build | House |
| 4:04 | Create | Villager (Male) |
| 4:05 | Create | Villager (Male) |
| 4:20 | Create | Villager (Male) |
| 4:30 | Create | Villager (Male) |
| 4:49 | Create | Villager (Male) |
| 4:49 | Create | Villager (Male) |
| 5:07 | Create | Villager (Male) |
| 5:34 | Create | Villager (Male) |
| 5:55 | Build | Barracks |
| 6:01 | Build | Palisade Wall |
| 6:20 | Create | Villager (Male) |
| 6:42 | Research | Loom |
| 7:09 | Build | Mining Camp |
| 7:20 | Research | Feudal Age |
| 7:20 | Research | Feudal Age |
| 7:53 | Create | Militia |
| 7:53 | Create | Militia |
| 7:57 | Build | House |
| 8:12 | Create | Militia |
| 8:12 | Create | Militia |
| 8:42 | Build | Mill |
| 8:53 | Create | Militia |
| 9:30 | Age | Feudal Age |
| 9:34 | Research | Man-at-Arms (upgrade) |
| 9:34 | Research | Man-at-Arms (upgrade) |
| 9:36 | Create | Villager (Male) |
| 9:36 | Create | Villager (Male) |
| 9:59 | Create | Villager (Male) |
| 10:05 | Build | House |
| 10:10 | Build | Archery Range |
| 10:33 | Build | Farm |
| 10:34 | Build | Farm |
| 10:47 | Build | House |
| 10:50 | Create | Villager (Male) |
| 10:59 | Create | Skirmisher |
| 11:19 | Build | Blacksmith |
| 11:25 | Build | Farm |
| 11:36 | Create | Skirmisher |
| 11:46 | Build | House |
| 12:05 | Research | Fletching |
| 12:19 | Build | House |
| 12:23 | Create | Skirmisher |
| 12:34 | Create | Villager (Male) |
| 12:37 | Build | Farm |
| 12:49 | Create | Skirmisher |
| 12:50 | Build | House |
| 13:10 | Create | Skirmisher |
| 13:11 | Build | House |
| 13:25 | Create | Skirmisher |
| 13:26 | Create | Villager (Male) |
| 13:47 | Create | Skirmisher |
| 13:56 | Build | Outpost |
| 14:09 | Create | Skirmisher |
| 14:24 | Create | Villager (Male) |
| 14:32 | Build | Watch Tower |
| 14:39 | Create | Skirmisher |
| 14:42 | Create | Villager (Male) |
| 14:44 | Build | Farm |
| 14:45 | Build | Farm |
| 15:04 | Research | Padded Archer Armor |
| 15:05 | Create | Skirmisher |
| 15:18 | Create | Skirmisher |
| 15:27 | Build | House |
| 15:39 | Build | Palisade Wall |
| 15:42 | Create | Skirmisher |
| 15:55 | Build | House |
| 15:58 | Create | Skirmisher |
| 15:59 | Create | Villager (Male) |
| 16:14 | Build | House |
| 16:31 | Create | Skirmisher |
| 16:31 | Create | Villager (Male) |
| 16:40 | Build | House |
| 16:44 | Build | Mining Camp |
| 16:50 | Create | Villager (Male) |
| 16:55 | Create | Skirmisher |
| 17:25 | Build | House |
| 17:25 | Create | Villager (Male) |
| 17:53 | Build | Archery Range |
| 17:54 | Create | Skirmisher |
| 17:55 | Create | Villager (Male) |
| 18:08 | Create | Villager (Male) |
| 18:24 | Create | Skirmisher |
| 18:25 | Create | Villager (Male) |
| 18:59 | Create | Skirmisher |
| 18:59 | Create | Skirmisher |
| 19:02 | Create | Villager (Male) |
| 19:29 | Create | Skirmisher |
| 19:29 | Create | Skirmisher |
| 19:31 | Create | Villager (Male) |
| 19:50 | Create | Skirmisher |
| 19:50 | Create | Skirmisher |
| 19:52 | Create | Villager (Male) |
| 20:13 | Create | Skirmisher |
| 20:13 | Create | Skirmisher |
| 20:13 | Create | Villager (Male) |
| 20:22 | Build | Farm |
| 20:23 | Build | Farm |
| 20:24 | Build | Farm |
| 20:27 | Create | Villager (Male) |
| 20:32 | Create | Skirmisher |
| 20:32 | Create | Skirmisher |
| 20:36 | Build | Watch Tower |
| 21:03 | Create | Skirmisher |
| 21:03 | Create | Skirmisher |
| 21:19 | Create | Skirmisher |
| 21:19 | Create | Skirmisher |
| 21:25 | Build | Farm |
| 21:28 | Build | Farm |
| 21:35 | Build | House |
| 21:49 | Build | Palisade Wall |
| 21:50 | Build | Palisade Wall |
| 21:51 | Build | Palisade Wall |
| 22:00 | Create | Eagle Scout |
| 22:02 | Build | Farm |
| 22:16 | Create | Villager (Male) |
| 22:26 | Create | Villager (Male) |
| 22:34 | Build | Barracks |
| 23:10 | Create | Villager (Male) |
| 23:12 | Create | Eagle Scout |
| 23:16 | Create | Eagle Scout |
| 23:17 | Build | House |
| 23:29 | Research | Scale Mail Armor |
| 23:30 | Create | Villager (Male) |
| 23:54 | Create | Eagle Scout |
| 23:55 | Build | Barracks |
| 23:56 | Create | Villager (Male) |
| 24:38 | Create | Villager (Male) |
| 24:47 | Create | Eagle Scout |
| 24:47 | Create | Eagle Scout |
| 24:49 | Build | House |
| 24:51 | Create | Villager (Male) |
Match timeline
| 5:55 | 农民快跑 · first_building Barracks |
| 6:01 | 农民快跑 · wall_segment Palisade Wall x1 |
| 7:42 | Aegis266 · first_building Barracks |
| 8:48 | Aegis266 · wall_segment Palisade Wall x5 |
| 9:16 | Aegis266 · age_up feudal |
| 9:17 | Aegis266 · first_building Archery Range |
| 9:24 | Aegis266 · wall_segment Palisade Wall x1 |
| 9:30 | 农民快跑 · age_up feudal |
| 10:10 | 农民快跑 · first_building Archery Range |
| 10:20 | Aegis266 · wall_segment Palisade Wall x1 |
| 13:17 | Aegis266 · wall_segment Palisade Wall x1 |
| 15:39 | 农民快跑 · wall_segment Palisade Wall x1 |
| 21:12 | Aegis266 · first_market_buy 100 food |
| 21:15 | Aegis266 · first_market_sell 100 wood |
| 21:49 | 农民快跑 · wall_segment Palisade Wall x1 |
| 21:50 | 农民快跑 · wall_segment Palisade Wall x1 |
| 21:51 | 农民快跑 · wall_segment Palisade Wall x1 |
| 24:00 | Aegis266 · age_up castle |
| 26:19 | Aegis266 · first_building Monastery |
| 26:50 | Aegis266 · wall_segment Palisade Wall x1 |
| 29:10 | 农民快跑 · wall_segment Palisade Wall x1 |
| 29:11 | 农民快跑 · wall_segment Palisade Wall x1 |
| 29:11 | 农民快跑 · wall_segment Palisade Wall x1 |
| 30:56 | 农民快跑 · wall_segment Palisade Wall x1 |
| 30:56 | 农民快跑 · wall_segment Palisade Wall x1 |
| 30:57 | 农民快跑 · wall_segment Palisade Wall x1 |
| 30:57 | 农民快跑 · wall_segment Palisade Wall x1 |
| 31:14 | Aegis266 · first_building Siege Workshop |
| 31:18 | 农民快跑 · first_market_buy 100 food |
| 32:24 | 农民快跑 · wall_segment Palisade Wall x1 |
| 32:25 | 农民快跑 · wall_segment Palisade Wall x1 |
| 32:26 | 农民快跑 · wall_segment Palisade Wall x1 |
| 34:01 | Aegis266 · first_building Castle |
| 34:06 | 农民快跑 · age_up castle |
| 35:26 | 农民快跑 · first_building Siege Workshop |
| 41:58 | 农民快跑 · wall_segment Palisade Wall x1 |
| 41:58 | 农民快跑 · wall_segment Palisade Wall x1 |
| 41:59 | 农民快跑 · wall_segment Palisade Wall x1 |
| 45:21 | Aegis266 · resign |
[ AI ANALYSIS · 1 CREDIT ]
What really happened in this match?
Wolo.gg analyzes every decision: build order, eco, micro, common mistakes by bracket. Personalized analysis on WhatsApp or Discord in 30 seconds.
Civ guide
Inca
Map guide
Arabia
Perfil
Jugador #539655